Map: Бюро находок РВ

Players

Murena - Winner!

  • Race: Terran Terran
  • League: Gold
  • Spawn Location: 1:00

ИИ 1 (новичок)

  • Race: Terran Terran
  • Spawn Location: 7:00

VOD

Have the link to the VOD?

Description

Bot Murena

Time

  • Played on: Nov. 6, 2018, 9:06 p.m.
  • Length: 20:01
Show
View Real Time Build Order
Export as new Build Order

Murena Terran - Winner!

Build Orders: Gas First Reaper Expand, Reaper Expand 

Get SALT Encoding   

  12  0:01  SCV  
  13  0:14  SCV  
  13  0:18  Supply Depot  
  14  0:26  SCV  
  15  0:34  Refinery  
  15  0:40  SCV  
  16  0:46  Barracks  
  16  0:52  SCV  
  17  1:05  SCV  
  18  1:19  SCV  
  19  1:31  Command Center  
  19  1:37  Reaper  
  20  1:43  Supply Depot  
  20  1:52  Orbital Command  
  20  2:05  Factory  
  20  2:18  Marine  
  20  2:20  SCV  
  22  2:38  Bunker  
  22  2:39  Engineering Bay  
  22  2:47  SCV  
  22  2:48  Barracks Reactor  
  22  2:50  Factory Tech Lab  
  23  2:58  Refinery  
  23  2:59  SCV  
  23  3:05  Starport  
  24  3:11  Orbital Command  
  24  3:35  Marine  
  24  3:37  Marine  
  24  3:39  SCV x2  
  28  3:46  Supply Depot  
  28  3:47  Terran Infantry Weapons Level 1  
  28  3:49  Missile Turret  
  28  3:51  SCV x2  
  30  3:56  Starport Tech Lab  
  30  3:59  Widow Mine  
  32  4:13  Supply Depot  
  32  4:14  SCV x2  
  34  4:25  Marine x2  
  34  4:26  SCV x2  
  34  4:30  Command Center  
  38  4:33  Viking  
  40  4:43  Marine x2  
  40  4:44  Widow Mine  
  40  4:45  SCV x2  
  46  4:53  Missile Turret  
  46  4:58  Barracks  
  46  4:59  SCV x2  
  48  5:03  Viking, Marine x2  
  52  5:11  SCV  
  53  5:17  Cyclone  
  56  5:21  Marine  
  56  5:24  SCV x2, Refinery  
  59  5:33  Viking  
  59  5:35  Missile Turret  
  61  5:36  SCV  
  61  5:37  Missile Turret  
  61  5:41  Terran Infantry Armor Level 1  
  61  5:42  SCV  
  63  5:45  Supply Depot  
  63  5:46  Liberator  
  63  5:47  Supply Depot  
  63  5:48  SCV  
  64  5:54  SCV  
  65  5:59  Marine  
  65  6:00  SCV, Marine  
  71  6:06  Missile Turret, SCV  
  71  6:10  Orbital Command  
  72  6:12  SCV  
  72  6:17  Marine x2  
  72  6:18  SCV  
  76  6:25  SCV  
  77  6:29  Liberator  
  77  6:30  SCV  
  80  7:05  Marine  
  80  7:06  Supply Depot x3, Marine  
  80  7:07  Supply Depot  
  80  7:08  Supply Depot  
  58  7:23  Marine  
  58  7:24  Marine  
  58  7:26  SCV  
  58  7:27  SCV  
  61  7:36  Liberator  
  61  7:39  SCV x2  
  61  7:41  Marine  
  64  7:51  SCV  
  65  7:52  Marine  
  65  7:57  Hellion  
  71  8:18  Hellion  
  73  8:22  Command Center  
  73  8:24  Missile Turret  
  73  8:27  Missile Turret  
  73  8:29  Refinery  
  73  8:30  Missile Turret  
  73  8:33  Refinery  
  73  8:35  Armory  
  73  8:36  Viking  
  75  8:41  Barracks  
  75  8:45  Armory  
  75  8:50  Hellion  
  75  8:52  SCV x2  
  79  8:58  Barracks Tech Lab  
  79  9:02  Refinery  
  79  9:03  Marine  
  79  9:04  SCV, Marine  
  82  9:23  Medivac  
  84  9:39  Starport  
  84  9:42  Starport  
  84  9:43  SCV x2  
  86  9:46  Command Center  
  86  9:47  Refinery  
  86  9:48  Terran Infantry Weapons Level 2, Missile Turret  
  86  9:49  Refinery  
  86  9:50  Missile Turret, Combat Shield  
  86  9:52  Missile Turret  
  86  9:53  Medivac  
  86  9:54  Cloaking Field  
  86  9:55  SCV  
  86  9:57  Barracks Tech Lab  
  86  9:59  Terran Vehicle And Ship Armor Level 1  
  89  10:01  Terran Vehicle Weapons Level 1, Marine x3  
  89  10:04  Orbital Command  
  89  10:06  SCV  
  93  10:07  SCV  
  91  10:19  Marine  
  75  10:48  Marine x3  
  75  10:49  Marine  
  79  10:52  SCV  
  79  10:53  SCV x2  
  82  11:01  Planetary Fortress  
  82  11:05  SCV x3  
  82  11:07  Marauder x2  
  89  11:17  SCV x3  
  92  11:20  Barracks  
  92  11:22  Barracks  
  92  11:23  Barracks, Command Center  
  92  11:24  Barracks  
  92  11:28  Marauder x2  
  92  11:29  SCV x3  
  99  11:36  Starport Tech Lab  
  99  11:37  Starport Tech Lab  
  99  11:41  SCV x2  
  99  11:46  SCV x2  
  103  11:47  Factory  
  103  11:49  Factory x2  
  103  11:52  Factory  
  103  11:53  SCV x2, Factory  
  105  11:56  High Capacity Fuel Tanks  
  105  11:57  Stimpack  
  105  11:58  SCV x2, Terran Vehicle Weapons Level 2  
  105  11:59  Terran Vehicle And Ship Armor Level 2  
  107  12:05  SCV  
  107  12:08  Terran Infantry Armor Level 2  
  108  12:10  Marine  
  108  12:11  Marauder  
  108  12:12  Marauder  
  108  12:13  SCV x3  
  116  12:16  Marine  
  116  12:18  Thor  
  123  12:33  Marauder x2  
  116  12:51  Marine x2  
  116  12:54  Marauder, Marine  
  119  13:01  Thor, Factory Tech Lab x2  
  119  13:02  Factory Tech Lab x2  
  125  13:08  Factory Tech Lab  
  125  13:09  SCV x5, Marine  
  131  13:14  Viking  
  131  13:15  Viking x2  
  131  13:17  Marine x3  
  140  13:21  SCV x3  
  140  13:23  Barracks Reactor x2  
  140  13:24  Barracks Tech Lab  
  143  13:27  Marine  
  143  13:30  Barracks Tech Lab  
  143  13:31  Supply Depot  
  143  13:33  SCV, Supply Depot  
  143  13:34  SCV x2  
  147  13:35  Marine x3  
  147  13:36  Thor x2  
  147  13:37  Supply Depot  
  162  13:45  Marine  
  163  13:51  Planetary Fortress  
  163  13:52  Viking, Thor  
  163  13:55  Viking, Thor  
  179  14:01  Missile Turret  
  179  14:03  Missile Turret  
  179  14:05  Command Center, Refinery  
  179  14:06  Marine  
  179  14:07  Marauder x2  
  179  14:08  Marauder  
  186  14:15  Refinery  
  186  14:35  Marauder  
  186  14:36  Marauder  
  186  14:38  Marauder x2  
  179  14:52  Banshee x2  
  185  14:53  Marine  
  185  14:54  Marine  
  187  15:00  Terran Infantry Weapons Level 3  
  187  15:01  Concussive Shells  
  187  15:03  Infernal Pre-Igniter  
  187  15:17  Marine x2, Banshee  
  187  15:20  Planetary Fortress  
  192  15:22  Missile Turret  
  192  15:28  Marine x2  
  192  15:29  Marine x2  
  192  15:30  Marauder x2  
  200  15:52  Command Center  
  200  16:22  Missile Turret  
  185  16:38  Thor x2  
  197  16:40  Marine x3  
  197  16:42  Missile Turret  
  200  17:01  Missile Turret  
  200  17:05  Refinery  
  190  17:19  Terran Vehicle Weapons Level 3  
  190  17:20  Terran Vehicle And Ship Armor Level 3  
  190  17:23  Rapid Fire Launchers  
  190  17:24  Corvid Reactor  
  190  17:32  Refinery  
  188  19:35  Marauder x3  
  188  19:36  Marauder  
Show
View Real Time Build Order
Export as new Build Order

ИИ 1 (новичок) Terran 

Build Orders: 1/1/1 

Get SALT Encoding   

  12  0:00  SCV  
  13  0:13  SCV  
  14  0:18  Supply Depot  
  14  0:25  SCV  
  15  0:28  Refinery  
  15  0:40  SCV  
  16  0:47  Barracks  
  16  0:52  SCV  
  17  0:57  Refinery  
  18  1:04  SCV  
  18  1:16  SCV  
  19  1:28  SCV  
  20  1:35  Marine  
  20  1:37  Factory  
  21  1:40  Orbital Command  
  21  1:54  Supply Depot  
  21  2:06  SCV  
  22  2:18  SCV  
  22  2:19  Supply Depot  
  23  2:24  Factory Reactor, Starport  
  23  2:30  Supply Depot  
  23  2:42  SCV  
  24  3:01  Cyclone, Starport Tech Lab  
  24  3:04  Fusion Core  
  27  3:10  Cyclone  
  27  3:12  Bunker  
  30  3:25  SCV  
  31  3:33  Hellion  
  33  3:37  SCV  
  34  3:42  Hellion  
  36  3:50  SCV  
  37  3:56  Marine  
  38  4:03  SCV  
  38  4:07  Battlecruiser  
  45  4:13  Supply Depot  
  45  4:16  Marine  
  46  4:21  Supply Depot  
  46  4:30  SCV  
  47  4:34  Marine  
  48  4:39  Hellion  
  48  4:42  SCV  
  51  4:48  Hellion  
  53  4:55  SCV  
  53  4:57  Marine  
  55  5:02  Supply Depot  
  55  5:08  SCV  
  55  5:11  Battlecruiser  
  62  5:16  Marine  
  63  5:23  Armory  
  63  5:24  SCV  
  63  5:26  Hellion  
  66  5:35  Hellion  
  68  5:36  SCV  
  68  5:40  Command Center  
  69  5:44  Marine  
  70  5:54  Weapon Refit  
  70  5:57  SCV  
  70  6:01  Supply Depot  
  71  6:22  Marine  
  71  6:23  SCV  
  71  6:25  Barracks  
  73  6:35  Factory  
  73  6:36  SCV  
  74  6:42  Barracks Tech Lab  
  74  6:49  SCV  
  75  7:00  Combat Shield  
  75  7:01  Marine  
  75  7:03  Bunker, SCV  
  69  7:08  Refinery  
  69  7:10  Refinery  
  69  7:12  Hellion  
  58  7:18  SCV  
  58  7:19  Factory Tech Lab  
  58  7:20  Marine  
  44  7:30  Marine  
  44  7:31  SCV  
  45  7:38  Infernal Pre-Igniter  
  45  7:40  Marine  
  45  7:41  Command Center  
  46  7:49  Marine  
  47  7:52  SCV  
  48  7:58  Marine  
  49  8:06  SCV  
  49  8:07  Thor  
  56  8:17  Marine  
  56  8:19  SCV  
  56  8:26  Marine  
  51  8:33  SCV  
  52  8:36  Marine  
  53  8:45  Marine  
  53  8:46  SCV  
  55  8:55  Marine  
  56  8:59  SCV  
  56  9:01  Bunker  
  57  9:04  Marine  
  58  9:13  SCV, Marine  
  60  9:23  Marine  
  61  9:28  Medivac, Refinery  
  61  9:30  SCV, Refinery  
  64  9:33  Marine  
  64  9:37  SCV  
  66  9:42  Marine  
  66  9:44  SCV, Command Center, Factory  
  68  9:52  SCV, Marine  
  70  9:59  SCV  
  71  10:02  Cyclone  
  71  10:06  SCV, Factory  
  75  10:11  Hellion  
  77  10:14  SCV  
  77  10:16  Supply Depot  
  77  10:21  SCV, Battlecruiser  
  79  10:29  SCV  
  79  10:31  Hellion  
  82  10:36  SCV  
  82  10:40  Hellion  
  78  10:43  SCV  
  78  10:49  Cyclone  
  81  10:51  SCV  
  81  10:54  Supply Depot  
  82  10:58  SCV  
  82  10:59  Cyclone  
  86  11:05  SCV  
  86  11:08  Marine  
  88  11:12  SCV  
  88  11:17  Marine  
  90  11:19  SCV  
  91  11:27  SCV, Marine  
  91  11:28  Supply Depot  
  91  11:32  Engineering Bay  
  93  11:34  SCV  
  93  11:36  Marine, Factory Tech Lab  
  93  11:39  Raven  
  97  11:40  Factory Reactor  
  97  11:41  SCV  
  97  11:46  Cyclone  
  101  11:48  SCV  
  102  11:54  Supply Depot  
  102  11:55  Cyclone, SCV  
  102  12:00  Terran Infantry Armor Level 1  
  106  12:03  SCV  
  106  12:04  Marine  
  108  12:10  SCV  
  108  12:14  Cyclone  
  108  12:15  Barracks  
  112  12:17  SCV  
  112  12:19  Barracks  
  112  12:21  Supply Depot  
  113  12:23  Cyclone  
  113  12:24  SCV  
  113  12:25  Barracks  
  117  12:33  Cyclone  
  119  12:38  SCV  
  119  12:40  Medivac  
  119  12:43  Cyclone  
  115  12:45  SCV  
  110  12:52  Thor  
  110  12:53  SCV  
  117  13:00  SCV  
  117  13:01  Marine  
  117  13:03  Supply Depot  
  117  13:04  Refinery  
  119  13:08  SCV  
  119  13:11  Cyclone  
  123  13:15  SCV  
  124  13:20  Cyclone  
  124  13:21  Refinery  
  124  13:22  SCV  
  128  13:28  Supply Depot  
  128  13:30  SCV, Banshee  
  132  13:35  Factory  
  132  13:37  SCV  
  132  13:40  Factory, Marine  
  134  13:49  Marine  
  134  13:50  SCV  
  134  13:51  Supply Depot  
  136  13:57  SCV  
  136  13:58  Marine  
  138  14:08  SCV, Hellion  
  141  14:17  Supply Depot  
  141  14:18  Hellion  
  141  14:19  Factory Tech Lab  
  141  14:22  Barracks  
  141  14:23  Barracks Tech Lab  
  143  14:27  Hellion  
  145  14:36  Raven  
  145  14:37  SCV  
  136  14:40  Hellion  
  136  14:41  Supply Depot  
  136  14:45  SCV  
  129  14:49  Hellion, Refinery  
  132  14:52  SCV  
  132  14:58  Hellion  
  134  15:08  Hellion  
  136  15:17  Cyclone  
  136  15:19  Medivac  
  141  15:26  Cyclone  
  144  15:35  Marine  
  145  15:45  Hellion  
  147  15:54  Cyclone  
  150  16:04  Hellion, Starport  
  152  16:08  Starport  
  152  16:12  Thor  
  157  16:19  Raven  
  157  16:21  SCV  
  157  16:24  Cyclone  
  135  16:31  SCV  
  88  16:33  Marine  
  88  16:39  SCV  
  72  16:43  Hellion  
  72  16:44  Medivac  
  72  16:46  SCV  
  74  16:54  SCV  
  70  17:01  SCV  
  70  17:02  Hellion  
  67  17:09  Cyclone  
  67  17:12  Supply Depot  
  67  17:14  Cyclone  
  61  17:15  SCV  
  61  17:17  Starport Tech Lab  
  51  17:23  Cyclone, SCV  
  53  17:30  SCV  
  53  17:31  Barracks, Marine  
  53  17:33  Barracks Tech Lab x2  
  53  17:35  Barracks Tech Lab  
  53  17:36  Cyclone  
  49  17:38  SCV  
  49  17:41  Hellion  
  46  17:45  SCV  
  46  17:46  Command Center  
  46  17:50  Supply Depot, Hellion  
  39  17:51  Raven  
  39  17:52  SCV  
  39  18:00  SCV  
  35  18:06  Barracks, Orbital Command  
  35  18:11  Hellion  
  30  18:20  Command Center  
  30  18:22  Marine  
  29  18:28  Supply Depot  
  29  18:33  SCV  
  30  18:34  Raven  
  30  18:38  Barracks  
  30  18:40  Marine  
  30  18:45  SCV  
  31  18:50  Command Center  
  31  18:53  Marine  
  30  18:57  SCV, Marine  
  30  18:58  Barracks  
  32  19:07  Command Center  
  32  19:09  SCV  
  32  19:11  Marine  
  32  19:15  Marine  
  34  19:17  Factory  
  34  19:21  SCV  
  34  19:22  Supply Depot  
  29  19:28  Marine  
  29  19:29  Barracks  
  25  19:31  Barracks Tech Lab  
  25  19:34  Barracks Tech Lab  
Tags
 
Add a new tag
Caveats
  • Supply blocks, unpowered buildings, or Contaminate may cause inaccurate times.
  • Supply counts are checked every 10 seconds.